 Dungeon Crawl Stone Soup version 0.29-a0-472-ge5599a681e (webtiles) character file.

Game seed: 12506006536859939026

29 dabmancer the Conjurer (level 3, -1/16 HPs)
             Began as a Vine Stalker Conjurer on May 22, 2022.
             Was a Follower of Nemelex Xobeh.
             Slain by an adder (2 damage)
             ... on level 2 of the Dungeon.
             The game lasted 00:04:20 (1307 turns).

dabmancer the Conjurer (Vine Stalker Conjurer)      Turns: 1307, Time: 00:04:21

Health: -1/16      AC:  2    Str:  9    XL:     3   Next: 16%
Magic:  0/7        EV: 12    Int: 20    God:    Nemelex Xobeh [*.....]
Gold:   28         SH:  0    Dex: 12    Spells: 5/6 levels left

rFire   . . .      SeeInvis .   (no weapon)
rCold   . . .      Faith    .   (no shield)
rNeg    . . .      Spirit   +   a - +0 robe
rPois   .          Reflect  .   (no helmet)
rElec   .          Harm     .   (no cloak)
rCorr   .          Rampage  .   (no gloves)
Will    .....                   (no boots)
Stlth   ++........              (no amulet)
HPRegen 0.05/turn               (no ring)
MPRegen 0.10/turn               (no ring)

@: no status effects
A: fangs 2, magic shield, antimagic bite, no potion heal 2
a: Renounce Religion, Draw Escape, Draw Destruction, Draw Summoning


You were on level 2 of the Dungeon.
You worshipped Nemelex Xobeh.
Nemelex Xobeh was aware of your devotion.
You visited 1 branch of the dungeon, and saw 2 of its levels.

You collected 28 gold pieces.

Inventory:

Missiles
 c - 96 stones
Armour
 a - a +0 robe (worn)
Jewellery
 g - a ring of protection from fire
Scrolls
 f - a scroll of fear {unknown}
Potions
 b - 2 potions of magic
 d - a potion of flight {unknown}
 e - a potion of heal wounds {unknown}
 h - a potion of cancellation {unknown}
 i - a potion of resistance {unknown}
 j - a potion of mutation {unknown}
 k - a potion of curing {unknown}


   Skills:
 + Level 1.6 Dodging
 + Level 2.6 Stealth
 + Level 2.4 Spellcasting
 + Level 4.7 Conjurations


You had 5 spell levels left.
You knew the following spells:

 Your Spells              Type           Power      Damage    Failure   Level
a - Magic Dart            Conj           84%        1d7       2%          1

Your spell library contained the following spells:

 Spells                   Type           Power      Damage    Failure   Level
 Searing Ray              Conj           42%        2d6       3%          2
 Dazzling Flash           Conj/Hex       22%        N/A       17%         3
 Fulminant Prism          Conj/Hex       5%         3d7       50%         4
 Iskenderun's Mystic Bla  Conj/Tloc      11%        2d4       50%         4


Dungeon Overview and Level Annotations

Branches:
Dungeon (2/15)

Altars:
Nemelex Xobeh


Innate Abilities, Weirdness & Mutations

You have extremely sharp teeth.
When hurt, damage is shared between your health and your magic reserves.
Your bite disrupts and absorbs the magic of your enemies.
Potions cannot restore your health.


Message History

You miss the adder. Your bite misses the adder.
The adder is lightly wounded.
The adder bites you.
You are poisoned.
The adder poisons you!
You hit the adder but do no damage.
The adder is lightly wounded.
You feel sick. The adder barely misses you.
You closely miss the adder. Your bite misses the adder.
The adder is lightly wounded.
You feel sick. The adder bites you. The adder barely misses you.
You closely miss the adder. Your bite misses the adder.
The adder is lightly wounded.
You feel sick. The adder misses you. The adder attacks as you move away!
The adder bites you.
* * * LOW HITPOINT WARNING * * *
x2 You feel sick.
You hit the adder but do no damage. You bite the adder. You drain its power.
You feel invigorated.
The adder is moderately wounded.
* * * LOW HITPOINT WARNING * * *
You feel sick. The adder misses you.
You closely miss the adder.
The adder is moderately wounded.
* * * LOW HITPOINT WARNING * * *
You feel sick.
You are no longer poisoned.
The adder bites you. The adder closely misses you.
You closely miss the adder. Your bite misses the adder.
The adder is moderately wounded.
The adder barely misses you.
You miss the adder. You bite the adder. You drain its power.
You feel invigorated.
The adder is heavily wounded.
The adder bites you.
You closely miss the adder. Your bite misses the adder.
The adder is heavily wounded.
The adder bites you.
You die...
Your body glows slightly and disappears.

######.#
#.)....# ##.##
####)#.#######
#.@.###......#
#S##.#<#####.#
#.###.## #.#
#.# .#. #.# .#
#.... ## ##..
####


You could see an adder.

Vanquished Creatures
  An endoplasm (D:1)
  A giant cockroach (D:1)
  4 goblins (D:1)
  5 hobgoblins (D:1)
  A quokka (D:1)
  3 ball pythons (D:1)
  2 bats (D:1)
  A frilled lizard (D:1)
  2 kobolds (D:1)
  7 rats (D:1)
27 creatures vanquished.

Vanquished Creatures (collateral kills)
  A hobgoblin (D:1)
1 creature vanquished.

Grand Total: 28 creatures vanquished

Notes
Turn   | Place    | Note
-------+----------+-------------------------------------------
     0 | D:1      | dabmancer the Vine Stalker Conjurer began the quest for the
                  | Orb.
     0 | D:1      | Reached XP level 1. HP: 9/9 MP: 4/4
   236 | D:1      | Found a faded altar of an unknown god.
   276 | D:1      | Reached XP level 2. HP: 13/13 MP: 4/6
   391 | D:1      | Prayed at the altar of an unknown god.
   391 | D:1      | Became a worshipper of Nemelex Xobeh the Trickster
   391 | D:1      | Reached * piety under Nemelex Xobeh
   391 | D:1      | Received a gift from Nemelex Xobeh
   738 | D:1      | Reached XP level 3. HP: 16/16 MP: 5/7
  1307 | D:2      | Slain by an adder

Illustrated notes

Levels and vault maps discovered:
D:1:      dpeg_arrival_prison, layout_basic, chequers_ecumenical_altar_island
D:2:      layout_loops_ring, serial_shops, nicolae_shop_trees,
          minmay_snake_closets

Action                   || total
-------------------------++-------
Melee: Unarmed           ||    14
       Bite              ||     3
 Cast: Magic Dart        ||    50
Invok: Draw Summoning    ||     1
Dodge: Dodged            ||    15

Table legend: (Time is in decaauts)
 A = Elapsed time spent in this place.
 B = Non-inter-level travel time spent in this place.
 C = Inter-level travel time spent in this place.
 D = Time resting spent in this place.
 E = Time spent auto-exploring this place.
 F = Levels seen in this place.
 G = Mean time per level.
                   A        B        C        D        E       F      G
               +--------+--------+--------+--------+--------+-----+--------+
         Total |   1313 |   1276 |     37 |     58 |   1063 |   2 |  656.5 |
       Dungeon |   1313 |   1276 |     37 |     58 |   1063 |   2 |  656.5 |
               +--------+--------+--------+--------+--------+-----+--------+

Top non-repeatable levels by time:
     D:1: 1273 daAuts
     D:2: 40 daAuts
